Get step-by-step instructions on how to execute this build order below. Start the game timer, and the build order will tick by so you can play in parallel with StarCraft on a second screen or mobile device.

Game Time

  0:00

Last Step

  N/A

Next Step

Upcoming Step



Don't want to look back and forth between 2 screens? Try out our Overwolf App, the Spawning Tool Build Advisor to get an in-game overlay with this build!

Complete Build Order

  8  0:02  Drone  
  9  0:11  Drone  
  10  0:16  Drone  
  11  0:24  Drone  
  12  0:29  Extractor  
  12  0:30  Drone  
  13  0:45  Overlord  
  13  1:04  Drone x2  
  15  1:14  Hatchery  
  15  1:17  Drone  
  15  1:19  Drone  
  16  1:35  Spawning Pool  
  16  1:38  Drone  
  16  1:41  Drone  
  16  1:45  Drone  
  18  1:54  Drone  
  18  1:56  Extractor  
  18  2:04  Overlord  
  18  2:25  Queen  
  18  2:26  Queen  
  18  2:28  Zergling x4  
  24  2:36  Drone  
  25  2:38  Overlord  
  25  2:45  Drone  
  25  2:48  Drone  
  27  2:55  Drone  
  28  2:59  Metabolic Boost  
  28  3:11  Drone  
  28  3:12  Drone x2  
  31  3:15  Queen  
  33  3:34  Hatchery  
  33  3:38  Queen  
  34  3:43  Drone  
  34  3:45  Drone  
  34  3:46  Drone  
  37  3:53  Overlord  
  37  4:00  Drone x3  
  40  4:05  Overlord  
  40  4:13  Zergling x8  
  40  4:15  Zergling x2  
  45  4:23  Drone x2  
  47  4:26  Queen  
  49  4:36  Drone x3  
  49  4:38  Overlord  
  52  4:54  Overlord x2  
  52  4:55  Queen  
  54  5:07  Queen  
  56  5:15  Drone  
  56  5:17  Drone x10  
  67  5:21  Lair  
  67  5:26  Roach Warren  
  66  5:28  Spore Crawler  
  66  5:30  Spore Crawler  
  66  5:32  Drone x2  
  66  5:55  Zergling x2  
  66  5:56  Zergling x6  
  67  5:58  Overlord x2  
  67  5:59  Overlord  
  67  6:13  Overlord x2  
  67  6:16  Overlord x3, Queen  
  67  6:18  Spore Crawler  
  68  6:22  Spire  
  62  6:30  Drone x5  
  62  6:31  Drone x3  
  61  6:38  Drone x6  
  66  6:46  Drone  
  67  6:52  Extractor  
  67  6:53  Hatchery  
  65  6:54  Extractor  
  65  6:55  Drone x2  
  65  6:56  Drone  
  65  6:57  Extractor, Drone x3  
  69  7:02  Extractor  
  69  7:03  Extractor  
  69  7:05  Drone x2  
  69  7:08  Drone  
  70  7:10  Queen  
  70  7:15  Overseer  
  72  7:22  Queen  
  72  7:23  Queen  
  74  7:33  Drone  
  74  7:34  Drone x4  
  74  7:35  Drone  
  80  7:41  Drone x3  
  80  7:43  Drone x2  
  80  7:44  Drone  
  86  7:49  Hatchery  
  85  7:52  Mutalisk x6  
  85  7:53  Mutalisk  
  99  8:00  Drone x2  
  99  8:02  Evolution Chamber  
  100  8:07  Roach x3  
  100  8:08  Roach x2  
  110  8:16  Overlord x2  
  110  8:18  Glial Reconstitution  
  108  8:38  Zerg Missile Weapons Level 1  
  108  8:39  Roach  
  108  8:40  Roach x9  
  128  9:02  Roach x4  
  136  9:03  Overlord  
  136  9:04  Overlord x2  
  136  9:11  Overlord  
  136  9:15  Overlord x2  
  136  9:17  Overlord x2  
  136  9:23  Roach  
  146  9:24  Roach x8  
  146  9:25  Ravager x4  
  146  9:26  Ravager  
  146  9:28  Overlord x2  
  159  9:37  Roach  
  159  9:38  Roach x5  
  171  9:42  Overlord  
  171  9:44  Overseer x2  
  171  9:45  Pneumatized Carapace  
  171  9:49  Roach x4  
  182  10:00  Zergling x14, Roach x2  
  182  10:05  Zergling x8  
  165  10:33  Zergling x2, Roach  
  165  10:34  Zergling x28  
  155  10:46  Zergling x2  
  155  10:47  Roach x5, Zergling x10  
  169  10:54  Zerg Missile Weapons Level 2, Overlord  
  169  10:55  Overseer x2  
  169  10:58  Roach x3  
  169  11:02  Ravager x6  
  181  11:04  Ravager  
  181  11:05  Ravager x2, Roach  
  181  11:10  Drone x5  
  193  11:18  Roach x2  
  193  11:19  Roach x2  
  177  11:35  Roach x3  
  177  11:36  Roach x4  
  191  11:41  Roach x2  
  195  11:57  Spore Crawler, Infestation Pit  
  195  12:00  Extractor  
  191  12:12  Ravager x3  
  191  12:13  Overseer x2  
  186  12:32  Zergling x6  
  186  12:33  Zergling x6  
  192  12:37  Hive  
  192  12:40  Burrow  
  192  12:45  Extractor, Drone x3  
  192  12:46  Drone x3  
  192  12:47  Drone x2  
  164  13:16  Zergling x2, Roach  
  164  13:17  Roach x4, Zergling x6  
  176  13:26  Overlord x2  
  174  13:34  Zergling x2  
  174  13:35  Zergling x20  
  174  13:36  Overlord x2  
  174  13:38  Roach x3  
  174  13:39  Overlord  
  179  13:56  Roach  
  179  13:57  Roach x4  
  179  13:59  Hatchery  
  186  14:03  Zerg Missile Weapons Level 3  
  186  14:07  Ultralisk Cavern  
  179  14:17  Roach x5  
  179  14:18  Roach, Zergling x12  
  179  14:19  Zergling x2, Roach x2, Overseer x4  
  179  14:20  Overseer  
  200  14:29  Evolution Chamber  
  199  14:47  Hatchery  
  173  15:06  Zergling x2, Roach  
  122  15:18  Roach x13  
  122  15:19  Roach x12  
  167  15:23  Chitinous Plating  
  167  15:26  Roach  
  167  15:27  Roach x5, Zergling x2  
  177  15:30  Ravager x6  
  183  15:57  Zergling x2  
  183  15:58  Zergling x20  
  194  16:05  Zerg Ground Armor Level 1  
  194  16:09  Drone x2  
  194  16:10  Drone  
  197  16:11  Drone x2  
  197  16:12  Drone  
  194  16:41  Zerg Melee Weapons Level 1  
  194  16:42  Anabolic Synthesis  
  181  16:55  Ravager x3  
  181  16:56  Ravager x6  
  181  16:57  Ravager x5  
  181  16:58  Zergling x2  
  181  16:59  Zergling x8  
  200  17:02  Hatchery  
  199  17:08  Drone  
  147  17:46  Roach x7  
  147  17:47  Roach x5  
  147  17:48  Viper x2  
  147  17:50  Ultralisk  
  147  17:51  Ultralisk x2, Zergling x6  
  195  17:52  Zergling x2  
  196  18:05  Drone  
  196  18:06  Drone x2  
  196  18:12  Zerg Ground Armor Level 2  
  199  18:20  Spore Crawler  
  199  18:21  Spine Crawler  
  199  18:22  Spine Crawler  
  196  18:37  Ravager x3  
  199  18:48  Overlord  
  192  19:55  Zergling x2  
  161  20:13  Roach x2, Zergling x4  
  161  20:14  Roach x3, Zergling x2  
  169  20:17  Ravager x2  
  169  20:18  Ultralisk x3  
  169  20:20  Zergling x2  
  169  20:21  Zergling x8, Roach  
  193  20:22  Roach  
  193  20:25  Spine Crawler  
  193  20:26  Spine Crawler  
  193  20:27  Spore Crawler, Spine Crawler  
  194  20:28  Extractor  
  194  20:29  Extractor  
  194  20:30  Extractor x2  
  194  20:31  Drone x3  
  194  20:32  Drone x3  
  194  20:34  Zerg Melee Weapons Level 2, Zerg Ground Armor Level 3  
  196  20:37  Drone x2  
  196  20:38  Drone  
  194  20:55  Drone x3  
  188  20:58  Spine Crawler  
  188  21:00  Drone x3, Spine Crawler  
  188  21:01  Drone  
  189  21:08  Ravager x2  
  189  21:09  Ravager x2  
  189  21:10  Zergling x10  
  198  21:50  Overlord  
  198  21:51  Overlord x3  
  198  21:52  Overlord x3  
  171  22:16  Corruptor x5  
  178  22:30  Hatchery